 Dungeon Crawl Stone Soup version 0.31-a0-345-g1ebeae05c6 (webtiles) character file.

Game seed: 4520011651577889517

284 zazu2006 the Thaumaturge (level 6, -7/44 HPs)
             Began as a Gnoll Wanderer on July 23, 2023.
             Mangled by Duvessa
             ... wielding a +0 rapier
              (12 damage)
             ... on level 4 of the Dungeon.
             The game lasted 00:10:13 (3798 turns).

zazu2006 the Thaumaturge (Gnoll Wanderer)           Turns: 3798, Time: 00:10:14

Health: -7/44      AC:  9    Str: 12    XL:     6   Next: 29%
Magic:  18/20      EV: 12    Int: 12    God:
Gold:   204        SH:  5    Dex: 12    Spells: 27/28 levels left

rFire   + . .        t - +2 dagger (protect)
rCold   + . .        (no shield)
rNeg    . . .        u - +0 steam dragon scales
rPois   +            (no helmet)
rElec   +            (no cloak)
rCorr   +            (no gloves)
SInv    .            (no boots)
Will    .....        y - amulet of reflection
Stlth   ++           g - ring of resist corrosion
HPRegen 0.27/turn    j - +4 ring of protection
MPRegen 0.17/turn

%: reflection
@: mighty, resistant, attractive
A: fangs 1, strong nose, distributed training
a: no special abilities


You were on level 4 of the Dungeon.
You visited 1 branch of the dungeon, and saw 4 of its levels.

You collected 204 gold pieces.

Inventory:

Hand Weapons
 s - a +0 long sword
 t - a +2 dagger of protection (weapon)
Missiles
 b - 12 poisoned darts (quivered)
Armour
 d - a +0 robe
 f - a +0 buckler
 n - the +1 scale mail of Courage {rPois Int+4}
   (You found it on level 2 of the Dungeon)

   Int:       It affects your intelligence (+4).
   rPois:     It protects you from poison.
 u - +0 steam dragon scales (worn)
 v - a +0 leather armour of fire resistance
Jewellery
 g - a ring of resist corrosion (left hand)
 j - a +4 ring of protection (right hand)
 k - an amulet of the acrobat
 y - an amulet of reflection (around neck)
 z - a +4 ring of protection
Scrolls
 e - 2 scrolls of fear
 h - 2 scrolls of identify
 x - a scroll of enchant armour {unknown}
 A - a scroll of teleportation {unknown}
Potions
 a - a potion of might
 c - 3 potions of brilliance
 i - 2 potions of mutation
 r - 3 potions of degeneration


   Skills:
 + Level 1.9 Fighting
 + Level 1.9 Short Blades
 + Level 1.9 Long Blades
 + Level 1.9 Axes
 + Level 1.9 Maces & Flails
 + Level 1.9 Polearms
 + Level 1.9 Staves
 + Level 1.9 Ranged Weapons
 + Level 3.2 Throwing
 + Level 3.2 Armour
 + Level 1.9 Dodging
 + Level 1.9 Stealth
 + Level 1.9 Shields
 + Level 1.9 Unarmed Combat
 + Level 11.5 Spellcasting
 + Level 1.5 Conjurations
 + Level 1.5 Hexes
 + Level 1.5 Summonings
 + Level 1.5 Necromancy
 + Level 1.5 Translocations
 + Level 1.5 Transmutations
 + Level 1.5 Fire Magic
 + Level 1.5 Ice Magic
 + Level 2.6 Air Magic
 + Level 1.5 Earth Magic
 + Level 1.5 Poison Magic
 + Level 2.1 Invocations
 + Level 3.2 Evocations
 + Level 1.5 Shapeshifting


You had 27 spell levels left.
You knew the following spells:

 Your Spells              Type           Power      Damage    Failure   Level
a - Foxfire               Conj/Fire      40%        2x1d6     5%          1

Your spell library contained the following spells:

 Spells                   Type           Power      Damage    Failure   Level
 Shock                    Conj/Air       44%        1d5       4%          1
 Static Discharge         Conj/Air       22%        2-3/arc   7%          2
 Sublimation of Blood     Necr           10%        N/A       9%          2
 Wereblood                Tmut           10%        N/A       9%          2
 Mephitic Cloud           Conj/Pois/Air  11%        N/A       14%         3
 Hailstorm                Conj/Ice       10%        3d5       17%         3
 Summon Hydra             Summ           5%         N/A       100%        7


Dungeon Overview and Level Annotations

Branches:
Dungeon (4/15)
 Temple: D:4-7

Altars:

Annotations:
D:3 2 transporters
D:4 Duvessa


Innate Abilities, Weirdness & Mutations

You have very sharp teeth.
Your uncanny sense of smell can sniff out nearby items.
Your experience applies equally to all skills.


Message History

As you read the scroll of identify, it crumbles to dust.
i - 2 potions of mutation Duvessa misses you.
As you read the scroll of identify, it crumbles to dust.
e - 2 scrolls of fear You block Duvessa's attack.
Duvessa hits you with a +0 rapier!
Press: ? - help, v - describe, . - travel The floor.
You barely miss Duvessa. You bite Duvessa, but do no damage.
Duvessa hits you with a +0 rapier!
It was a potion of might.
You feel very mighty all of a sudden. You block Duvessa's attack.
Duvessa misses you.
It was a potion of curing.
You feel better. You block Duvessa's attack.
Blink to where?
Press: ? - help, Dir - move target
As you read the scroll labelled PICLOPS INUDGH, it crumbles to dust.
It was a scroll of blinking.
Duvessa rages.
As you read the scroll labelled RIOTECH EPPOK, it crumbles to dust.
It is a scroll of amnesia.
Really abort (and waste the scroll)? [Y]es or [N]o only, please.
Really abort (and waste the scroll)? [Y]es or [N]o only, please.
Really abort (and waste the scroll)?
Okay, then.
You block Duvessa's attack.
This is a scroll of acquirement!
Something appears at your feet! Duvessa hits you with a +0 rapier! x2
* * * LOW HITPOINT WARNING * * *
Unknown command.
Okay, then.
It was a potion of attraction.
You feel attractive to monsters. You block Duvessa's attack.
It was a potion of resistance.
You feel protected. Duvessa hits you with a +0 rapier!
You die...

.................#.....'.....'...
.................#.....#.....#...
.................#.....#....)#...
.................'.....#.....#...
.................#######.....###.
############...†...............#.
#..)................#.
#...................#.
#...)@e.............#.
#...................#.
#...................#.
######..............#.
#..............#.
#################


You could see Duvessa (berserk).

Vanquished Creatures
  Dowan (D:4)
  2 hounds (D:4)
  10 adders
  2 worms
  2 dart slugs
  2 orcs (D:3)
  5 ball pythons
  11 endoplasms
  3 giant cockroaches (D:2)
  4 goblins
  7 hobgoblins
  7 jackals
  4 kobolds
  5 quokkas
  3 bats
  4 frilled lizards
  A rat (D:1)
73 creatures vanquished.

Vanquished Creatures (collateral kills)
  2 foxfires (D:2)
2 creatures vanquished.

Vanquished Creatures (others)
  228 foxfires
228 creatures vanquished.

Grand Total: 303 creatures vanquished

Notes
Turn   | Place    | Note
-------+----------+-------------------------------------------
     0 | D:1      | Reached skill level 11 in Spellcasting
     0 | D:1      | zazu2006 the Gnoll Wanderer began the quest for the Orb.
     0 | D:1      | zazu2006 set off with the following items: a +0 dagger, 12
                  | poisoned darts, a potion of brilliance, a +0 robe; and the
                  | following spells available to memorise: Shock, Foxfire,
                  | Static Discharge, Mephitic Cloud, Hailstorm.
     0 | D:1      | Reached XP level 1. HP: 13/13 MP: 12/12
     2 | D:1      | Learned a level 1 spell: Foxfire
   132 | D:1      | Reached XP level 2. HP: 19/19 MP: 11/14
   445 | D:1      | Reached XP level 3. HP: 25/25 MP: 12/15
   723 | D:2      | Reached skill level 1 in Invocations
   920 | D:2      | Reached skill level 1 in Fighting
   920 | D:2      | Reached skill level 1 in Short Blades
   920 | D:2      | Reached skill level 1 in Long Blades
   920 | D:2      | Reached skill level 1 in Axes
   920 | D:2      | Reached skill level 1 in Maces & Flails
   920 | D:2      | Reached skill level 1 in Polearms
   920 | D:2      | Reached skill level 1 in Staves
   920 | D:2      | Reached skill level 1 in Ranged Weapons
   920 | D:2      | Reached skill level 1 in Dodging
   920 | D:2      | Reached skill level 1 in Stealth
   920 | D:2      | Reached skill level 1 in Shields
   920 | D:2      | Reached skill level 1 in Unarmed Combat
  1037 | D:2      | Reached XP level 4. HP: 32/32 MP: 13/17
  1146 | D:2      | Identified the +1 scale mail of Courage {rPois Int+4}
  1283 | D:2      | Reached skill level 1 in Conjurations
  1283 | D:2      | Reached skill level 1 in Hexes
  1283 | D:2      | Reached skill level 1 in Summonings
  1283 | D:2      | Reached skill level 1 in Necromancy
  1283 | D:2      | Reached skill level 1 in Translocations
  1283 | D:2      | Reached skill level 1 in Transmutations
  1283 | D:2      | Reached skill level 1 in Fire Magic
  1283 | D:2      | Reached skill level 1 in Ice Magic
  1283 | D:2      | Reached skill level 1 in Earth Magic
  1283 | D:2      | Reached skill level 1 in Poison Magic
  1283 | D:2      | Reached skill level 1 in Shapeshifting
  2501 | D:3      | Reached XP level 5. HP: 37/37 MP: 13/18
  2640 | D:3      | Found a transporter.
  2729 | D:3      | Found a transporter.
  3077 | D:3      | Found a faded altar of an unknown god.
  3713 | D:4      | Reached XP level 6. HP: 44/44 MP: 14/20
  3765 | D:4      | Noticed Dowan
  3779 | D:4      | Killed Dowan
  3785 | D:4      | Noticed Duvessa
  3796 | D:4      | Identified a scroll of acquirement
  3796 | D:4      | Acquired 584 gold pieces
  3798 | D:4      | Mangled by Duvessa

Illustrated notes

Levels and vault maps discovered:
D:1:      tarquinn_simple_flora_water_f, layout_rooms
D:2:      layout_basic, wad_woods_river_04, chequers_serial_rivers_room_b,
          dreamdust_princess_bridge, minmay_misc_feat_ornament,
          nicolae_half_adder
D:3:      gammafunk_wand_slinger, layout_basic, nicolae_ecumenical_lake_church
D:4:      layout_gridville, uniq_pikel, uniq_duvessa

Skill      XL: |  1  2  3  4  5 |
---------------+----------------+-----
Spellcasting   | | 11.5
Air Magic      | 2 |  2.6
Invocations    | 1 2 |  2.1
Fighting       | 1 |  1.9
Short Blades   | 1 |  1.9
Long Blades    | 1 |  1.9
Axes           | 1 |  1.9
Maces & Flails | 1 |  1.9
Polearms       | 1 |  1.9
Staves         | 1 |  1.9
Ranged Weapons | 1 |  1.9
Dodging        | 1 |  1.9
Stealth        | 1 |  1.9
Shields        | 1 |  1.9
Unarmed Combat | 1 |  1.9
Conjurations   | 1 |  1.5
Hexes          | 1 |  1.5
Summonings     | 1 |  1.5
Necromancy     | 1 |  1.5
Translocations | 1 |  1.5
Transmutations | 1 |  1.5
Fire Magic     | 1 |  1.5
Ice Magic      | 1 |  1.5
Earth Magic    | 1 |  1.5
Poison Magic   | 1 |  1.5
Shapeshifting  | 1 |  1.5
Throwing       | 3 |  3.2
Armour         | 3 |  3.2
Evocations     | 3 |  3.2

Action                     |  1- 3 |  4- 6 || total
---------------------------+-------+-------++-------
  Melee: Dagger            |    19 |    82 ||   101
         Bite              |       |     9 ||     9
   Cast: Foxfire           |    46 |    91 ||   137
    Use: Scroll            |       |     6 ||     6
         Potion            |       |     4 ||     4
 Armour: Robe              |     9 |    26 ||    35
         Steam dragon scal |       |     8 ||     8
  Dodge: Dodged            |    20 |    48 ||    68
  Block: Other             |       |     5 ||     5

Table legend: (Time is in decaauts)
 A = Elapsed time spent in this place.
 B = Non-inter-level travel time spent in this place.
 C = Inter-level travel time spent in this place.
 D = Time resting spent in this place.
 E = Time spent auto-exploring this place.
 F = Levels seen in this place.
 G = Mean time per level.
                   A        B        C        D        E       F      G
               +--------+--------+--------+--------+--------+-----+--------+
         Total |   3819 |   3751 |     68 |      0 |   3044 |   4 |  954.8 |
       Dungeon |   3819 |   3751 |     68 |      0 |   3044 |   4 |  954.8 |
               +--------+--------+--------+--------+--------+-----+--------+

Top non-repeatable levels by time:
     D:2: 1698 daAuts
     D:3: 1104 daAuts
     D:1: 698 daAuts
     D:4: 318 daAuts
